 Dungeon Crawl Stone Soup version 0.26-a0-653-g6669bab64c (webtiles) character file.

Game seed: 9562634237400942288

13449 ringo67 the Martial Artist (level 12, -1/103 HPs)
             Began as an Octopode Transmuter on Oct 4, 2020.
             Was a Believer of Ru.
             Slain by a death yak simulacrum (4 damage)
             ... in an ice cave.
             The game lasted 00:50:53 (17457 turns).

ringo67 the Martial Artist (Octopode Transmuter)   Turns: 17457, Time: 00:50:54

Health: -1/103     AC: 10    Str: 13    XL:     12   Next: 6%
Magic:  15/15      EV: 14    Int: 22    God:    Ru [**....]
Gold:   914        SH:  0    Dex: 13    Spells: 7/15 levels left

rFire    x . .     SeeInvis .     - Unarmed
rCold    + + +     Faith    .   (helmet currently unavailable)
rNeg     . . .     Spirit   .   (no amulet)
rPois    +         Reflect  .   b - +6 ring of intelligence
rElec    .         Harm     .   h - +4 ring of protection
rCorr    .         Rampage  .   (no ring)
MR       .....                  (no ring)
Stlth    +.........             (no ring)
HPRegen  0.27/turn              (no ring)
MPRegen  0.14/turn              (no ring)

@: ice-form
A: large, almost no armour, stealthy swim, amphibious, 7 rings, (constrict 7),
missing a hand
a: End Transformation, Renounce Religion


You were in an ice cave.
You worshipped Ru.
Ru was pleased with you.
You were a creature of crystalline ice.
You visited 2 branches of the dungeon, and saw 13 of its levels.
You also visited: Ossuary, Gauntlet and Ice Cave.

You collected 914 gold pieces.

Inventory:

Missiles
 r - 26 poisoned darts (quivered)
Armour
 j - a +1 hat (melded)
Jewellery
 b - a +6 ring of intelligence (left front paw)
 e - an uncursed ring of ice
 h - a +4 ring of protection (right front paw)
 k - an uncursed amulet of regeneration {unknown}
Wands
 w - a wand of paralysis (7)
 y - a wand of iceblast (8)
 B - a wand of acid (5)
Scrolls
 a - a scroll of identify
 d - 2 scrolls of amnesia
 g - 6 scrolls of teleportation
 i - 4 scrolls of remove curse
 s - 3 scrolls of fog
 x - 2 scrolls of enchant weapon
Potions
 c - 2 potions of flight
 f - 2 potions of cancellation
 l - 5 potions of curing
 m - 3 potions of brilliance
 n - 3 potions of stabbing
 o - 3 potions of heal wounds
 p - 4 potions of might
 q - a potion of invisibility
 t - 3 potions of mutation
 v - 3 potions of haste
 C - 2 potions of resistance {unknown}
 D - 3 potions of lignification {unknown}
 E - a potion of degeneration {unknown}


   Skills:
 + Level 9.5 Fighting
 + Level 7.5 Dodging
 + Level 12.8 Unarmed Combat
 - Level 2.0 Spellcasting
 - Level 8.0 Transmutations
 - Level 4.0 Ice Magic
 - Level 1.8 Poison Magic


You had 7 spell levels left.
You knew the following spells:

 Your Spells              Type           Power        Failure   Level
a - Beastly Appendage     Tmut           #####.       1%          1
b - Spider Form           Tmut/Pois      ###.......   5%          3
c - Ice Form              Ice/Tmut       ####....     12%         4

Your spell library contained the following spells:

 Spells                   Type           Power        Failure   Level
 Wereblood                Tmut           #####...     1%          2
 Blade Hands              Tmut           #####.....   14%         5


Dungeon Overview and Level Annotations

Branches:
Dungeon (11/15)            Temple (0/1) D:7            Lair (2/6) D:10
    Orc (0/2) D:11        Ossuary (visited)           IceCv (1/1)
Gauntlet (visited)
  Swamp: Lair:2-4    Shoals: Lair:2-4     Snake: Lair:2-4    Spider: Lair:2-4

Altars:
Elyvilon
Gozag
Qazlal
Ru
Trog
Uskayaw
Wu Jian
The Shining One

Shops:
D:7 =   D:8 =

Annotations:
D:4 1 runed translucent door, 1 exclusion, Gamer54's ghost, novice DrAE; Sigmund
D:7 exclusion: troll
D:8 1 exclusion


Innate Abilities, Weirdness & Mutations

You cannot wear most types of armour.
You are very stealthy in the water. (Stealth+)
You are amphibious.
You can wear up to seven rings at the same time.
((You can use your tentacles to constrict seven enemies at once.))
((Your skin changes colour to match your surroundings (Stealth+).))
((Your rubbery body absorbs attacks. (AC +1, EV +1)))
You are missing a hand.


Message History

The death yak simulacrum is lightly damaged.
The wolf spider simulacrum hits you! The wolf spider simulacrum freezes you.
You resist.
The wolf spider simulacrum closely misses you.
The polar bear simulacrum bites you!
* * * LOW HITPOINT WARNING * * *
The polar bear simulacrum freezes you. You resist.
* * * LOW HITPOINT WARNING * * *
The polar bear simulacrum claws you.
* * * LOW HITPOINT WARNING * * *
The polar bear simulacrum freezes you. You resist.
* * * LOW HITPOINT WARNING * * *
The polar bear simulacrum claws you.
* * * LOW HITPOINT WARNING * * *
The polar bear simulacrum freezes you. You resist.
* * * LOW HITPOINT WARNING * * *
The death yak simulacrum gores you!
* * * LOW HITPOINT WARNING * * *
The death yak simulacrum freezes you. You resist.
You die...

#####
##.Y.##
##.ZZZ.##
#.......#
#...∩...#
##.....##
##...##
#...#
...##
#...#


You could see a death yak simulacrum, a polar bear simulacrum and a wolf spider
simulacrum.

Vanquished Creatures
  A two-headed ogre (D:8)
  2 black mambas
  3 cane toads
  2 komodo dragons
  A troll (D:10)
  4 hippogriffs
  A basilisk (Lair:2)
  A steam dragon (D:10)
  A water moccasin (Lair:1)
  4 porcupines
  4 black bears
  6 orc warriors
  A sky beast (D:5)
  A phantom (D:10)
  A necrophage (D:5)
  4 ogres
  2 ice beasts
  2 wolves (D:10)
  7 centaurs
  5 crocodiles (Lair:1)
  A big kobold (D:10)
  9 bullfrogs
  4 water moccasin zombies (Ossuary)
  2 scorpions
  4 killer bees (D:7)
  4 electric eels (D:10)
  A bullfrog zombie (D:10)
  2 centaur zombies
  2 jellies
  8 hounds
  A gnoll shaman (D:6)
  A quasit (D:9)
  A centaur skeleton (D:4)
  6 orc priests
  2 bullfrog skeletons
  17 orc wizards
  2 iguanas
  9 worker ants
  A wolf simulacrum (IceCv)
  2 big kobold zombies (Ossuary)
  A killer bee zombie (D:10)
  A hound skeleton (D:8)
  3 mummies
  A worker ant zombie (D:10)
  11 gnolls
  7 adders
  3 shadow imps
  14 white imps
  An ufetubus (D:8)
  5 adder zombies
  An ooze (D:1)
  2 dart slugs
  A leopard gecko (D:3)
  47 orcs
  5 giant cockroaches
  3 goblins
  8 hobgoblins
  2 jackals (D:5)
  7 kobolds
  2 quokkas (D:3)
  A ball python (D:7)
  4 bats
  5 frilled lizards
  3 gnoll zombies (Ossuary)
  4 hobgoblin zombies (Ossuary)
  A jackal skeleton (D:5)
  3 kobold zombies (Ossuary)
  2 leopard gecko skeletons
  A quokka skeleton (D:6)
  9 rats
290 creatures vanquished.

Vanquished Creatures (others)
  2 kobolds (D:10)
  5 fungi
  6 plants
13 creatures vanquished.

Grand Total: 303 creatures vanquished

Notes
Turn   | Place    | Note
-------+----------+-------------------------------------------
     0 | D:1      | ringo67 the Octopode Transmuter began the quest for the
                  | Orb.
     0 | D:1      | Reached XP level 1. HP: 13/13 MP: 3/3
   291 | D:1      | Reached XP level 2. HP: 18/18 MP: 5/5
   911 | D:1      | Reached XP level 3. HP: 23/23 MP: 6/6
  1480 | D:2      | Found an opulent altar of Gozag.
  2027 | D:2      | Reached skill level 4 in Unarmed Combat
  2027 | D:2      | Reached XP level 4. HP: 20/29 MP: 7/7
  2569 | D:2      | Found a white marble altar of Elyvilon.
  2681 | D:2      | Found a glowing golden altar of the Shining One.
  2681 | D:2      | Found a bloodstained altar of Trog.
  3302 | D:3      | Reached XP level 5. HP: 25/35 MP: 8/8
  4367 | D:4      | Learned a level 3 spell: Spider Form
  5029 | D:3      | Reached skill level 5 in Unarmed Combat
  5371 | D:4      | Reached skill level 1 in Poison Magic
  5428 | D:4      | Reached XP level 6. HP: 41/41 MP: 9/9
  5781 | D:4      | You fall into a shaft and drop 1 floor!
  5781 | D:5      | Entered Level 5 of the Dungeon
  5803 | D:4      | Found a runed translucent door.
  5803 | D:4      | Noticed Gamer54's ghost (novice DrAE)
  5977 | D:4      | Learned a level 4 spell: Ice Form
  6093 | D:4      | Noticed Sigmund
  6726 | D:5      | Noticed an ice beast
  6873 | D:5      | Reached XP level 7. HP: 40/46 MP: 3/10
  6984 | D:5      | Reached skill level 1 in Ice Magic
  7007 | D:5      | Found a stormy altar of Qazlal.
  7068 | D:5      | Reached skill level 6 in Unarmed Combat
  7489 | D:5      | Found a stormy altar of Qazlal.
  7657 | D:6      | Reached XP level 8. HP: 51/54 MP: 8/11
  7797 | D:6      | Reached skill level 7 in Unarmed Combat
  7868 | D:6      | Reached skill level 5 in Transmutations
  9093 | D:6      | Reached skill level 5 in Fighting
  9093 | D:6      | Reached XP level 9. HP: 61/61 MP: 8/12
  9142 | D:6      | Reached skill level 8 in Unarmed Combat
  9349 | D:6      | Found an ornate altar of the Wu Jian Council.
 10012 | D:7      | Found Etilustrori's Jewellery Shoppe.
 10465 | D:7      | Found a sacrificial altar of Ru.
 10480 | D:7      | Became a worshipper of Ru the Awakened
 10570 | D:7      | Found a staircase to the Ecumenical Temple.
 10583 | D:7      | Reached skill level 9 in Unarmed Combat
 10624 | D:7      | Noticed a troll
 11093 | D:8      | Found a sand-covered staircase.
 11105 | Ossuary  | Entered an ossuary
 11388 | Ossuary  | Reached skill level 5 in Dodging
 11388 | Ossuary  | Reached skill level 11 in Unarmed Combat
 11388 | Ossuary  | Reached XP level 10. HP: 72/72 MP: 13/13
 11628 | D:8      | Noticed a two-headed ogre
 11657 | D:8      | Noticed a two-headed ogre
 11664 | D:8      | Killed a two-headed ogre
 11664 | D:8      | Reached XP level 11. HP: 77/77 MP: 9/14
 11905 | D:8      | Found Pyete's Jewellery Shop.
 12128 | D:8      | Gained mutation: You are missing a hand. [Ru sacrifice]
 12128 | D:8      | Reached * piety under Ru
 12128 | D:8      | Reached ** piety under Ru
 12803 | D:9      | Found a hide-covered altar of Uskayaw.
 12803 | D:9      | Noticed a +0 dagger
 12803 | D:9      | Noticed a +0 dagger
 13404 | D:10     | Entered Level 10 of the Dungeon
 13511 | D:10     | Reached skill level 12 in Unarmed Combat
 15050 | D:10     | Noticed a deep elf mage
 15294 | D:11     | Found a gate leading to a gauntlet.
 15307 | Gauntlet | Entered a Gauntlet
 15307 | Gauntlet | Found a transporter.
 15307 | Gauntlet | Found a transporter.
 15307 | Gauntlet | Noticed a catoblepas
 15307 | Gauntlet | Noticed a sixfirhy
 15308 | Gauntlet | Found a transporter.
 15308 | Gauntlet | Found a transporter.
 15309 | Gauntlet | Noticed a sixfirhy
 15314 | Gauntlet | Found a large runed translucent door.
 15315 | Gauntlet | Found a transporter.
 15315 | Gauntlet | Noticed a necromancer
 15317 | Gauntlet | Found a large runed translucent door.
 15318 | Gauntlet | Found a large runed translucent door.
 15318 | Gauntlet | Found a large runed translucent door.
 15318 | Gauntlet | Found a runed translucent door.
 15318 | Gauntlet | Noticed a death yak
 15319 | Gauntlet | Found a large runed translucent door.
 15323 | Gauntlet | Noticed a death yak
 15324 | Gauntlet | Found a large runed translucent door.
 15324 | Gauntlet | Noticed a death yak
 15325 | Gauntlet | Found a large runed translucent door.
 15325 | Gauntlet | Noticed a death yak
 15326 | Gauntlet | Found a large runed translucent door.
 15326 | Gauntlet | Noticed a death yak
 15328 | Gauntlet | Found a runed translucent gate.
 15330 | Gauntlet | Found a transporter.
 15350 | Gauntlet | Found a transporter.
 15350 | Gauntlet | Found a runed translucent gate.
 15350 | Gauntlet | Noticed an oklob plant
 15351 | Gauntlet | Found a runed translucent gate.
 15352 | Gauntlet | Found a large runed translucent door.
 15352 | Gauntlet | Found a large runed translucent door.
 15353 | Gauntlet | Found a large runed translucent door.
 15354 | Gauntlet | Found a large runed translucent door.
 15356 | Gauntlet | Found a transporter.
 15362 | Gauntlet | Noticed a soul eater
 15364 | Gauntlet | Found a transporter.
 15382 | Gauntlet | Found a transporter.
 15393 | Gauntlet | Found a transporter.
 15408 | Gauntlet | Found a transporter.
 15440 | Gauntlet | Found a runed translucent door.
 15442 | Gauntlet | Found a large runed translucent door.
 15442 | Gauntlet | Found a large runed translucent door.
 15443 | Gauntlet | Found a large runed translucent door.
 15444 | Gauntlet | Found a large runed translucent door.
 15617 | D:10     | Found a staircase to the Lair.
 15923 | Lair:1   | Entered Level 1 of the Lair of Beasts
 17202 | Lair:2   | Noticed a six-headed hydra
 17203 | Lair:2   | Noticed a six-headed hydra
 17308 | Lair:2   | Found the +3 warlock's mirror {reflect}
 17314 | Lair:2   | Reached XP level 12. HP: 69/86 MP: 6/15
 17409 | Lair:2   | Found a frozen archway.
 17445 | IceCv    | Entered an ice cave
 17457 | IceCv    | HP: 3/103 [death yak simulacrum (16)]
 17457 | IceCv    | Slain by a death yak simulacrum

Illustrated notes

Levels and vault maps discovered:
D:1:      dpeg_arrival_boxes_within_box, layout_loops_corners,
          minmay_box_of_dots
D:2:      layout_basic, nicolae_overflow_crystal_walls,
          chequers_temple_overflow_statue_of_worship
D:3:      layout_basic, nicolae_overflow_hidden_temple,
          kennysheep_generic_room_8
D:4:      layout_layer_cave, hellmonk_ghost_happy_afterlife,
          sigmund_edmund_badplayer
D:5:      layout_loops_ring, nicolae_qazlal_eye_of_the_storm,
          kennysheep_small_circle
D:6:      layout_loops_ring, old_standard_altar
D:7:      layout_loops_ring, nicolae_ru_great_annihilating_truth,
          minmay_temple_entry_drinking_statues, serial_shops, shop_fountains
D:8:      layout_cave_pods, serial_shops, shop, gup_ossuary_entry_pyramid
D:9:      layout_roguey, dancing_weapons_uskayaw, special_room
          [special_room_orc], minmay_holes
D:10:     layout_roguey, erik_lair_island, chequers_serial_rivers_room_a
D:11:     layout_loops_cross, orc_0_dummy, gauntlet_entry_generic
Lair:1:   layout_big_grid
Lair:2:   layout_gridlike, portal_ice_cave_entry_imps,
          chequers_serial_rivers_micro_c, serial_bayou_shore_a,
          infiniplex_staircase_pool_2
IceCv:    ice_cave_small_necro

Skill      XL: |  1  2  3  4  5  6  7  8  9 10 11 |
---------------+----------------------------------+-----
Fighting       | 2 3 4 5 7 8 9 |  9.5
Unarmed Combat | 4 5 6 7 11 12 | 12.8
Transmutations | 3 4 5 8 |  8.0
Poison Magic   | 1 |  1.8
Ice Magic      | 2 3 4 |  4.0
Dodging        | 5 7 |  7.5
Spellcasting   | |  2.0

Action                   |  1- 3 |  4- 6 |  7- 9 | 10-12 || total
-------------------------+-------+-------+-------+-------++-------
Melee: Unarmed           |    42 |    13 |   267 |   299 ||   621
       Constrict         |    12 |    12 |    13 |    14 ||    51
       Tentacles         |     7 |    12 |    10 |    15 ||    44
       Kick              |     2 |       |       |       ||     2
       Spear             |     2 |    78 |       |       ||    80
       Punch             |     1 |     1 |     3 |     9 ||    14
Throw: Dart              |    12 |    12 |    10 |    54 ||    88
 Cast: Beastly Appendage |     4 |       |       |       ||     4
       Spider Form       |       |     3 |    13 |     1 ||    17
       Ice Form          |       |       |    12 |    30 ||    42
Invok: Sacrifice a Hand  |       |       |       |     1 ||     1
       Reject Sacrifices |       |       |       |     1 ||     1
  Use: Scroll            |       |     6 |     9 |    10 ||    25
       Potion            |       |     1 |     2 |       ||     3
 Stab: Sleeping          |     8 |     9 |     5 |     2 ||    24
       Paralysed         |       |       |     1 |       ||     1
       Invisible         |       |       |       |     2 ||     2
       Distracted        |       |       |       |     1 ||     1
Armor: Skin              |     4 |     8 |    72 |    54 ||   138
Dodge: Dodged            |    13 |    36 |   147 |   118 ||   314

Table legend: (Time is in decaauts)
 A = Elapsed time spent in this place.
 B = Non-inter-level travel time spent in this place.
 C = Inter-level travel time spent in this place.
 D = Time resting spent in this place.
 E = Time spent auto-exploring this place.
 F = Levels seen in this place.
 G = Mean time per level.
                   A        B        C        D        E       F      G
               +--------+--------+--------+--------+--------+-----+--------+
         Total |  17364 |  16884 |    480 |   6576 |   5956 |  16 | 1085.2 |
       Dungeon |  15351 |  14907 |    444 |   5945 |   5868 |  11 | 1395.5 |
          Lair |   1497 |   1461 |     36 |    536 |     88 |   2 |  748.5 |
       Ossuary |    283 |    283 |      0 |     95 |      0 |   1 |  283.0 |
      Ice Cave |     10 |     10 |      0 |      0 |      0 |   1 |   10.0 |
      Gauntlet |    221 |    221 |      0 |      0 |      0 |   1 |  221.0 |
               +--------+--------+--------+--------+--------+-----+--------+

Top non-repeatable levels by time:
    D:10: 2196 daAuts
     D:3: 2061 daAuts
     D:2: 1839 daAuts
     D:6: 1736 daAuts
     D:5: 1548 daAuts
     D:4: 1483 daAuts
     D:8: 1395 daAuts
     D:1: 1204 daAuts
     D:7: 1110 daAuts
  Lair:1: 1109 daAuts
     D:9: 733 daAuts
  Lair:2: 387 daAuts
 Ossuary: 283 daAuts
Gauntlet: 221 daAuts
    D:11: 41 daAuts
